 Dungeon Crawl Stone Soup version 0.30-a0-782-ge64f9170bb (webtiles) character file.

Game seed: 12208421770636679132

4 DEFE the Conjurer (level 1, 0/13 HPs)
             Began as a Demonspawn Wanderer on Feb 21, 2023.
             Frozen to death by an endoplasm (1 damage)
             ... on level 1 of the Dungeon.
             The game lasted 00:00:12 (91 turns).

DEFE the Conjurer (Demonspawn Wanderer)               Turns: 91, Time: 00:00:13

Health: 0/13       AC:  3    Str:  9    XL:     1   Next: 50%
Magic:  3/3        EV: 11    Int: 15    God:
Gold:   11         SH:  0    Dex: 13    Spells: 4/4 levels left

rFire   . . .      SeeInvis .    a - +0 dagger
rCold   . . .      Faith    .    (no shield)
rNeg    . . .      Spirit   .    d - +0 robe
rPois   .          Reflect  .    (no helmet)
rElec   .          Harm     .    (no cloak)
rCorr   .          Rampage  .    b - +0 pair of gloves
Will    .....                    (no boots)
Stlth   ++                       (no amulet)
HPRegen 0.22/turn                (no ring)
MPRegen 0.08/turn                (no ring)

@: no status effects
A: no striking features
a: no special abilities


You were on level 1 of the Dungeon.
You visited 1 branch of the dungeon, and saw 1 of its levels.

You collected 11 gold pieces.

Inventory:

Hand Weapons
 a - a +0 dagger (weapon)
Armour
 b - a +0 pair of gloves (worn)
 d - a +0 robe (worn)
Scrolls
 c - a scroll of teleportation
Potions
 e - a potion of curing


   Skills:
 + Level 1.8 Stealth
 + Level 1.1 Unarmed Combat
 + Level 2.0 Spellcasting
 + Level 4.0 Conjurations
 + Level 1.4 Invocations


You had 4 spell levels left.
You didn't know any spells.
Your spell library contained the following spells:

 Spells                   Type           Power      Damage    Failure   Level
 Foxfire                  Conj/Fire      28%        2x1d5     10%         1
 Shock                    Conj/Air       28%        1d4       10%         1
 Dazzling Flash           Conj/Hex       14%        N/A       28%         3


Dungeon Overview and Level Annotations

Branches:
Dungeon (1/15)

Altars:


Message History

The hobgoblin closely misses you. The rat bites you.
You hit the rat.
You kill the rat!
The endoplasm misses you.
The hobgoblin hits you but does no damage.
Unknown command.
You completely miss the endoplasm. The endoplasm barely misses you.
The hobgoblin misses you. The endoplasm misses you.
The hobgoblin hits you but does no damage.
You hit the endoplasm. The endoplasm hits you.
The hobgoblin closely misses you.
You take 2 damage, and have 8/13 hp.
Unknown command.
The endoplasm attacks as you move away!
The endoplasm hits you but does no damage.
Found a glowing leather armour.
The hobgoblin closely misses you.
You hit the endoplasm. The endoplasm hits you. The hobgoblin hits you.
You take 4 damage, and have 5/13 hp.
MASSIVE DAMAGE!!
The endoplasm hits you.
* * * LOW HITPOINT WARNING * * *
The hobgoblin barely misses you.
You take 3 damage, and have 2/13 hp.
MASSIVE DAMAGE!!
You are too injured to fight recklessly!
You hit the hobgoblin.
The endoplasm hits you but does no damage.
The hobgoblin barely misses you.
Unknown command.
Unknown command.
You are too injured to fight recklessly!
You hit the endoplasm. The endoplasm hits you.
* * * LOW HITPOINT WARNING * * *
The hobgoblin closely misses you.
You take 1 damage, and have 1/13 hp.
You barely miss the endoplasm. The endoplasm freezes you.
You are frozen.
You die...

⌠####.# #......####
.###..##### #..........
.##.....†.# ##..(...#..[
.##.##....# #...........
⌠##.##....###...........
###.........'.........##
#######.###..........#
#####.# #..J........
#.....# #†.g@....##.
#...[.# #........#
#####.....# #........#
#.........# #........#
#.........# #........#
#......)..# #######=#..
#.........# .+...
#.........# ## ..
#.........#


You could see an endoplasm and a hobgoblin.

Vanquished Creatures
  An endoplasm (D:1)
  A giant cockroach (D:1)
  A goblin (D:1)
  A rat (D:1)
4 creatures vanquished.

Notes
Turn   | Place    | Note
-------+----------+-------------------------------------------
     0 | D:1      | DEFE the Demonspawn Wanderer began the quest for the Orb.
     0 | D:1      | DEFE set off with the following items: a +0 dagger, a +0
                  | pair of gloves, a scroll of teleportation, a +0 robe, a
                  | potion of curing; and the following spells available to
                  | memorise: Foxfire, Shock, Dazzling Flash.
     0 | D:1      | Reached XP level 1. HP: 13/13 MP: 3/3
    91 | D:1      | Frozen to death by an endoplasm

Illustrated notes

Levels and vault maps discovered:
D:1:      amcnicky_arrival_gap_in_the_tavern_cellar, layout_basic

Action                     || total
---------------------------++-------
  Melee: Dagger            ||    19
         Punch             ||     1
   Stab: Sleeping          ||     1
 Armour: Robe              ||     8
  Dodge: Dodged            ||    15

Table legend: (Time is in decaauts)
 A = Elapsed time spent in this place.
 B = Non-inter-level travel time spent in this place.
 C = Inter-level travel time spent in this place.
 D = Time resting spent in this place.
 E = Time spent auto-exploring this place.
 F = Levels seen in this place.
 G = Mean time per level.
                   A        B        C        D        E       F      G
               +--------+--------+--------+--------+--------+-----+--------+
         Total |     91 |     91 |      0 |     27 |     25 |   1 |   91.0 |
       Dungeon |     91 |     91 |      0 |     27 |     25 |   1 |   91.0 |
               +--------+--------+--------+--------+--------+-----+--------+

Top non-repeatable levels by time:
     D:1: 91 daAuts
